 Dungeon Crawl Stone Soup version 0.20-a0-945-g3bf614a (webtiles) character file.

3206 JeffiDaFish the Basher (level 9, -4/56 HPs)
             Began as a Gargoyle Fighter on Apr 2, 2017.
             Splashed by an orc's acid (10 damage)
             ... on level 7 of the Dungeon.
             The game lasted 00:14:51 (6972 turns).

JeffiDaFish the Basher (Gargoyle Fighter)           Turns: 6972, Time: 00:14:52

Health: -4/56      AC: 15    Str: 20    XL:     9   Next: 97%
Magic:  9/9        EV:  7    Int:  9    God:
Gold:   275        SH: 11    Dex: 12    Spells: 8/8 levels left

rFire    + . .     SeeInvis .   q - +2 whip (flame)
rCold    . . .     Gourm    .   c - +0 shield
rNeg     + . .     Faith    .   s - +1 chain mail {MR+}
rPois    ∞         Spirit   .   (helmet restricted)
rElec    +         Reflect  .   l - +1 cloak
rCorr    .         Harm     .   (no gloves)
MR       +....     Clarity  +   (no boots)
Stlth    ..........             (no amulet)
Regen    0.2/turn               b - ring of protection from fire
MPRegen  0.2/turn               (no ring)

@: corroded
A: horns 1, blurry vision 1, clarity, negative energy resistance 1, sense
surroundings 1, electricity resistance, unbreathing, petrification resistance,
rot immunity, AC +5
a: no special abilities


You were on level 7 of the Dungeon.
You were not hungry.

You visited 1 branch of the dungeon, and saw 7 of its levels.
You also visited: Ossuary.

You collected 275 gold pieces.

Inventory:

Hand Weapons
 a - a +1 flail
 q - a +2 whip of flaming (weapon)
Armour
 c - a +0 shield (worn)
 l - a +1 cloak (worn)
 s - a +1 chain mail of magic resistance (worn)
Jewellery
 b - a ring of protection from fire (left hand)
Scrolls
 d - a scroll of enchant weapon
 e - 4 scrolls of identify
 j - 4 scrolls of teleportation
 m - a scroll of remove curse
 n - 2 scrolls of magic mapping
 o - a scroll of blinking
 u - a scroll of amnesia
Potions
 g - 2 potions of haste
 r - a potion of might
Comestibles
 f - 5 bread rations
 h - 4 royal jellies
 i - 2 meat rations
 t - a fruit


   Skills:
 + Level 6.6 Fighting
 + Level 9.0 Maces & Flails
 + Level 7.1 Armour
 + Level 2.5 Dodging
 + Level 0.8 Stealth
 + Level 7.4 Shields


You had 8 spell levels left.
You didn't know any spells.

Dungeon Overview and Level Annotations

Branches:
Dungeon (7/15)
 Temple: D:4-7

Altars:
Wu Jian

Shops:
D:6 ([(*[

Annotations:
D:5 Prince Ribbit


Innate Abilities, Weirdness & Mutations

You are resistant to torment.
Your stone body is resilient. (AC +5)
You are immune to poison.
You resist negative energy. (rN+)
You are resistant to electric shocks. (rElec)
You can survive without breathing.
You are immune to petrification.
You are immune to rotting.
You have a pair of small horns on your head.
Scrolls take you a little longer to read.
You possess an exceptional clarity of mind.
You passively map a small area around you.


Message History

You hit the orc but do no damage.
The orc is moderately wounded.
You block the orc's attack. The orc hits you but does no damage.
You hit the orc. You burn the orc.
The orc is heavily wounded.
The orc closely misses you. The orc hits you but does no damage.
You block the orc's attack.
You hit the orc but do no damage.
The orc is heavily wounded.
You block the orc's attack.
You hit the orc. You burn the orc.
You kill the orc!
You block the orc's attack.
Your chain mail prevents you from hitting the orc.
The orc hits you from afar with a trident of piercing.
The orc hits you but does no damage.
You closely miss the orc.
The orc zaps a wand.
The bolt of acid hits you!
* * * LOW HITPOINT WARNING * * *
The acid corrodes you!
You are splashed with acid!
The acid burns!
You die...

* #.# , * * #.# #.. ,>
* #.### * ,, ,, ,
,.... , * , **#o. ,
#o# # #.
####@###.#....
#..o.).)......
###....###...... * *
###.......##......,
.....%............ *
$........##.........)#
*
#..#....###..........#
#.)#....# #..........#
* * #. ##.#.#
#..........#


You could see 3 orcs.

Vanquished Creatures
  Pikel (D:6)
  Grinder (D:6)
  A hippogriff (D:5)
  Edmund (D:6)
  2 ice beasts (D:7)
  A phantom (D:5)
  A necrophage (D:7)
  An ogre (D:6)
  4 centaurs
  A bullfrog (D:6)
  The ghost of Foxy the Ducker, an amateur FeAE (D:4)
  A scorpion (D:4)
  5 killer bees (D:5)
  A howler monkey (D:5)
  6 centaur zombies
  A crimson imp (D:5)
  2 bullfrog skeletons
  2 orc priests
  3 hounds
  4 orc wizards
  Crazy Yiuf (D:6)
  A gnoll shaman (D:6)
  Ijyb (D:5)
  An iguana (D:4)
  4 worker ants
  A big kobold zombie (Ossuary)
  A hound skeleton (D:5)
  A hound zombie (D:6)
  4 mummies (Ossuary)
  2 worker ant zombies
  A howler monkey skeleton (D:5)
  4 gnolls (D:6)
  14 adders
  2 oozes
  4 adder skeletons
  A worm (D:4)
  3 leopard geckos
  14 orcs
  4 ball pythons
  3 giant cockroaches
  2 hobgoblins
  4 jackals
  7 kobolds
  2 quokkas
  10 bats
  10 frilled lizards
  6 goblins
  5 hobgoblin zombies
  2 leopard gecko skeletons
  A quokka skeleton (D:6)
  6 rats
  A rat zombie (D:5)
163 creatures vanquished.

Vanquished Creatures (others)
  An orc (D:6)
1 creature vanquished.

Grand Total: 164 creatures vanquished

Notes
Turn   | Place    | Note
-------+----------+-------------------------------------------
     0 | D:1      | JeffiDaFish the Gargoyle Fighter began the quest for the Orb.
     0 | D:1      | Reached XP level 1. HP: 14/14 MP: 1/1
   260 | D:1      | Reached XP level 2. HP: 19/19 MP: 2/2
   536 | D:1      | Reached XP level 3. HP: 22/23 MP: 3/3
  1383 | D:2      | Reached XP level 4. HP: 26/28 MP: 4/4
  2194 | D:3      | Gained mutation: You have a pair of small horns on your head. [potion of mutation]
  2194 | D:3      | Gained mutation: Scrolls take you a little longer to read. [potion of mutation]
  2194 | D:3      | Gained mutation: You passively map a small area around you. [potion of mutation]
  2194 | D:3      | Gained mutation: You possess an exceptional clarity of mind. [potion of mutation]
  2359 | D:3      | Reached skill level 3 in Maces & Flails
  2707 | D:4      | Reached skill level 1 in Dodging
  2707 | D:4      | Reached XP level 5. HP: 33/33 MP: 5/5
  2872 | D:4      | Noticed Foxy's ghost (amateur FeAE)
  2878 | D:4      | Killed Foxy's ghost
  2878 | D:4      | Reached XP level 6. HP: 35/38 MP: 6/6
  3450 | D:5      | Entered Level 5 of the Dungeon
  3488 | D:5      | Found a sand-covered staircase.
  3499 | Ossuary  | Entered an ossuary
  3698 | Ossuary  | Reached skill level 4 in Maces & Flails
  3768 | Ossuary  | Reached XP level 7. HP: 44/44 MP: 7/7
  3800 | Ossuary  | Reached skill level 5 in Shields
  3900 | D:5      | Reached skill level 5 in Maces & Flails
  4021 | D:5      | Reached skill level 5 in Armour
  4147 | D:5      | Noticed a hippogriff
  4166 | D:5      | Noticed Ijyb
  4171 | D:5      | Killed a hippogriff
  4171 | D:5      | Reached skill level 5 in Fighting
  4171 | D:5      | Reached XP level 8. HP: 18/49 MP: 8/8
  4190 | D:5      | Killed Ijyb
  4428 | D:5      | Identified the cursed +0 whip of the Sky {flame, MR+ MP-9 Str+4} (You found it on level 5 of the Dungeon)
  4503 | D:5      | Reached skill level 6 in Maces & Flails
  5123 | D:5      | Noticed Prince Ribbit
  5740 | D:6      | Found Nuhef's Antique Weapon Shoppe.
  5745 | D:6      | Found Wydghi's General Store.
  5791 | D:6      | Reached skill level 7 in Maces & Flails
  5798 | D:6      | Found an ornate altar of the Wu Jian Council.
  5846 | D:6      | Found Hannat's Antique Armour Shop.
  5884 | D:6      | Noticed Grinder
  5893 | D:6      | Paralysed by Grinder for 2 turns
  5896 | D:6      | Killed Grinder
  5896 | D:6      | Reached XP level 9. HP: 45/55 MP: 9/9
  5902 | D:6      | Noticed Edmund
  5915 | D:6      | Killed Edmund
  5944 | D:6      | Found Keoqez's Armour Shoppe.
  5944 | D:6      | Noticed Pikel
  5966 | D:6      | Killed Pikel
  5966 | D:6      | Reached skill level 8 in Maces & Flails
  6014 | D:6      | Found Iri Peph's Weapon Shop.
  6285 | D:6      | Found a runed door.
  6289 | D:6      | Noticed Crazy Yiuf
  6293 | D:6      | Killed Crazy Yiuf
  6927 | D:7      | Reached skill level 9 in Maces & Flails
  6972 | D:7      | Splashed by an orc's acid

Vault maps used:
D:1:      dpeg_arrival_water_fire
D:2:      serial_glass, glass_columns_b, glass_columns_a, glass_columns_b,
          glass_columns_a, glass_columns_b, glass_columns_b, glass_columns_b,
          glass_columns_b, kennysheep_big_empty_room, eino_tiny_chamber
D:4:      first_bread
D:5:      enter_ossuary_3, uniq_iyjb, uniq_prince_ribbit1
D:6:      kennysheep_little_box, serial_shops, kennysheep_mini,
          nicolae_shop_trees, shop, shop, nicolae_shop_trees, uniq_pikel,
          uniq_crazy_yiuf_cottage, uniq_edmund, uniq_grinder
D:7:      temple_statues
Ossuary:  ossuary_the_hunt_dpeg

Skill      XL: |  1  2  3  4  5  6  7  8  9 |
---------------+----------------------------+-----
Shields        | 4 5 6 7 |  7.4
Maces & Flails | 3 4 5 7 9 |  9.0
Dodging        | 1 2 |  2.5
Fighting       | 4 5 6 |  6.6
Armour         | 4 5 6 7 |  7.1
Stealth        | |  0.8

Action                   |  1- 3 |  4- 6 |  7- 9 || total
-------------------------+-------+-------+-------++-------
Melee: Flail             |   184 |   237 |   339 ||   760
       Headbutt          |       |    25 |    77 ||   102
       Whip              |       |       |   167 ||   167
  Use: Potion            |     6 |     5 |     3 ||    14
       Scroll            |     5 |     6 |     5 ||    16
  Eat: Chunk             |     2 |     7 |    12 ||    21
Armor: Scale mail        |   124 |       |       ||   124
       Chain mail        |    15 |   169 |   245 ||   429
       Skin              |       |       |     3 ||     3
Dodge: Dodged            |    67 |    60 |   119 ||   246
Block: Shield            |   107 |   137 |   254 ||   498
